Map: Torches LE

Players

uptondide - Winner!

  • Race: Protoss Protoss
  • League: Master
  • Spawn Location: 5:00

LigerMaNN

  • Race: Zerg Zerg
  • League: Diamond
  • Spawn Location: 1:00

VOD

Have the link to the VOD?

Description

Time

  • Played on: June 28, 2025, 3:43 p.m.
  • Length: 8:31
Show
View Real Time Build Order
Export as new Build Order

uptondide Protoss - Winner!

Build Orders: 1 Gate Expand 

Get SALT Encoding   

  1  0:00  Probe  
  12  0:06  Probe  
  14  0:21  Probe  
  14  0:22  Pylon  
  15  0:40  Gateway, Probe  
  16  0:52  Probe  
  16  0:53  Assimilator  
  17  1:00  Probe  
  17  1:08  Probe  
  19  1:22  Nexus  
  19  1:33  Cybernetics Core  
  19  1:37  Probe  
  20  1:42  Assimilator  
  20  1:50  Pylon  
  20  1:52  Probe  
  21  2:05  Probe  
  22  2:29  Pylon  
  16  2:40  Warp Gate  
  16  2:48  Gateway  
  16  2:53  Probe  
  17  3:00  Probe, Adept  
  17  3:03  Probe  
  20  3:08  Probe  
  20  3:12  Probe  
  22  3:17  Probe  
  23  3:20  Probe  
  25  3:29  Probe  
  25  3:32  Probe  
  27  3:34  Stalker  
  29  3:41  Probe  
  29  3:44  Probe  
  31  3:53  Probe  
  32  3:57  Probe  
  33  4:05  Probe x2  
  33  4:09  Robotics Facility  
  35  4:13  Probe  
  36  4:18  Probe  
  36  4:20  Pylon  
  36  4:23  Probe  
  37  4:28  Shield Battery  
  37  4:29  Assimilator  
  37  4:30  Probe  
  39  4:35  Probe  
  40  4:42  Probe, Twilight Council  
  41  4:46  Gateway  
  41  4:47  Gateway, Probe  
  41  4:51  Phoenix  
  42  4:54  Probe, Assimilator  
  42  4:59  Warp Prism  
  43  5:05  Probe  
  46  5:07  Sentry x2  
  46  5:10  Probe  
  51  5:22  Probe  
  51  5:25  Probe  
  51  5:26  Pylon  
  53  5:34  Probe  
  54  5:37  Pylon  
  54  5:44  Probe  
  55  5:56  Dark Shrine  
  55  6:09  Stalker x3  
  55  6:11  Probe x2  
  63  6:12  Blink  
  63  6:16  Nexus  
  63  6:20  Pylon  
  63  6:32  Gateway  
  63  6:35  Forge  
  63  6:36  Gateway, Forge  
  63  6:39  Pylon  
  63  6:45  Gateway  
  63  6:49  Immortal  
  63  6:51  Sentry  
  63  6:52  Sentry x2  
  63  6:53  Probe x2  
  75  7:05  Probe x2  
  77  7:19  Stalker  
  77  7:20  Stalker x2  
  83  7:36  Dark Templar x2  
  84  7:48  Probe x2  
  84  7:51  Dark Templar x4  
  93  8:11  Stalker x2  
Show
View Real Time Build Order
Export as new Build Order

LigerMaNN Zerg 

Build Orders: Pool First 

Get SALT Encoding   

  12  0:01  Drone  
  13  0:23  Spawning Pool  
  13  0:26  Drone  
  13  0:30  Drone  
  14  0:39  Overlord  
  14  1:00  Drone  
  15  1:10  Zergling x4  
  17  1:14  Zergling x2  
  18  1:22  Zergling x2, Hatchery  
  18  1:32  Zergling x2  
  19  1:36  Queen  
  21  1:43  Overlord  
  21  1:54  Drone  
  22  2:05  Drone  
  23  2:18  Drone  
  23  2:28  Drone  
  21  2:30  Queen  
  22  2:38  Extractor  
  22  2:40  Drone  
  22  2:55  Drone  
  23  3:02  Drone x7  
  30  3:16  Drone x2  
  32  3:22  Drone x3  
  32  3:23  Hatchery  
  32  3:25  Drone  
  32  3:26  Drone  
  36  3:33  Overlord  
  36  3:47  Overlord x2  
  36  3:48  Overlord x2  
  36  3:50  Metabolic Boost  
  36  3:56  Extractor  
  36  4:00  Drone x3  
  36  4:02  Queen  
  41  4:10  Drone x2  
  41  4:16  Overlord x2  
  41  4:17  Overlord  
  42  4:22  Lair  
  42  4:36  Zergling x8  
  46  4:46  Queen  
  46  4:47  Queen  
  50  4:55  Drone x8  
  58  5:10  Hatchery  
  57  5:15  Drone x3  
  57  5:20  Roach Warren  
  59  5:21  Evolution Chamber  
  59  5:24  Drone  
  59  5:25  Drone x2, Extractor  
  59  5:26  Drone, Extractor  
  59  5:27  Drone  
  61  5:29  Drone  
  62  5:39  Queen  
  62  5:40  Queen  
  66  5:48  Zerg Missile Weapons Level 1  
  66  5:56  Pneumatized Carapace  
  66  5:59  Glial Reconstitution  
  66  6:01  Roach  
  66  6:02  Roach x5  
  66  6:03  Roach  
  80  6:09  Roach x2  
  84  6:25  Roach x7  
  98  6:28  Roach  
  100  6:41  Roach x2  
  100  6:43  Overlord x3  
  100  6:44  Overlord  
  104  6:59  Overlord  
  104  7:00  Overlord x5  
  104  7:26  Roach x7  
  104  7:27  Roach x5  
  104  7:28  Roach  
  130  7:30  Roach  
  130  7:33  Roach  
  134  7:45  Ravager x5  
  135  7:55  Hatchery  
  135  7:57  Overseer  
  131  8:01  Overseer  
  131  8:02  Overseer  
Tags
 
Add a new tag
Caveats
  • Supply blocks, unpowered buildings, or Contaminate may cause inaccurate times.
  • Supply counts are checked every 10 seconds.